 Dungeon Crawl Stone Soup version 0.29-a0-333-gb4c28e87c6 (webtiles) character file.

Game seed: 15851992880832185931

38 Jortsu the Skirmisher (level 3, 29/29 HPs)
             Began as a Demonspawn Fighter on Apr 13, 2022.
             Was a Follower of Wu Jian.
             Quit the game on level 1 of the Dungeon.
             The game lasted 00:01:13 (470 turns).

Jortsu the Skirmisher (Demonspawn Fighter)           Turns: 470, Time: 00:01:13

Health: 29/29      AC:  6    Str: 18    XL:     3   Next: 25%
Magic:  3/3        EV:  9    Int:  9    God:    Wu Jian [*.....]
Gold:   37         SH:  8    Dex: 12    Spells: 2/2 levels left

rFire   . . .      SeeInvis .   a - +0 war axe
rCold   . . .      Faith    .   c - +0 buckler
rNeg    . . .      Spirit   .   b - +0 scale mail
rPois   .          Reflect  .   (no helmet)
rElec   .          Harm     .   (no cloak)
rCorr   .          Rampage  .   (no gloves)
Will    .....                   (no boots)
Stlth   ..........              (no amulet)
HPRegen 0.09/turn               (no ring)
MPRegen 0.08/turn               (no ring)

@: about to teleport
A: claws 1, condensation shield
a: Renounce Religion


You were on level 1 of the Dungeon.
You worshipped Wu Jian.
Wu Jian was aware of your devotion.
You visited 1 branch of the dungeon, and saw 2 of its levels.

You collected 37 gold pieces.

Inventory:

Hand Weapons
 a - a +0 war axe (weapon)
Armour
 b - a +0 scale mail (worn)
 c - a +0 buckler (worn)
Scrolls
 e - a scroll of identify
 g - a scroll of immolation
Potions
 d - a potion of might
 f - a potion of cancellation


   Skills:
 + Level 3.3 Fighting
 + Level 2.2 Axes
 + Level 3.0 Armour
 + Level 0.3 Dodging
 + Level 3.1 Shields


You had 2 spell levels left.
You didn't know any spells.
Your spell library was empty.

Dungeon Overview and Level Annotations

Branches:
Dungeon (2/15)

Altars:
Wu Jian


Innate Abilities, Weirdness & Mutations

You have sharp fingernails.
A meltable shield of frost defends you. (SH +4)


Message History

The ball python bites you but does no damage.
The ball python constricts you.
You hit the ball python.
You kill the ball python!
You closely miss the hobgoblin. You block the hobgoblin's attack. x2
The hobgoblin hits you.
You closely miss the hobgoblin.
The hobgoblin is moderately wounded.
You block the hobgoblin's attack.
You barely miss the hobgoblin.
The hobgoblin is moderately wounded.
You block the hobgoblin's attack. The hobgoblin barely misses you.
You slash the hobgoblin!
You kill the hobgoblin!
Found a faded altar of an unknown god.
You slash the plant!
The plant begins to die.
The plant is lightly damaged.
You hit the plant.
The plant begins to die.
You slash the plant!
The plant begins to die.
You hit the plant.
The plant is lightly damaged.
You slash the plant! You hit the plant.
A nearby plant withers and dies.
You hit the plant.
The plant is lightly damaged.
You hit the plant.
A nearby plant withers and dies. x2
There is a faded altar of an unknown god here.
You cannot tell which god this altar belongs to.
Convert to them anyway?
Wu Jian accepts your prayer! The Council welcomes you!
You can now perform damaging attacks by moving towards foes.
You can now lightly attack monsters by moving around them.
As you read the scroll labelled ORACZA XASMIY, it crumbles to dust.
It is a scroll of identify.
f - a potion of cancellation
As you read the scroll labelled XOLYRO TEJUB, it crumbles to dust.
The air around you briefly surges with heat, but it dissipates.
It was a scroll of immolation.
As you read the scroll labelled UTRIANOEDY, it crumbles to dust.
You feel strangely unstable.
It was a scroll of teleportation.
Are you sure you want to abandon this character and quit the game? (Confirm with "yes".)

##..#####.####..#######
..........†.##.........
#.........#...........#
###.###.###.###.>.....#
#.........#.# #.......#
#P#.#.#.#.#.# #.......#
#.........#.. ##......#
###.###.###.. ........#
#..P._@...#.. #########
###P###.###..# .. ....
#P #.#.# # ....# #P# #
... ..


There were no monsters in sight!

Vanquished Creatures
  An adder (D:2)
  A worm (D:2)
  4 ball pythons (D:1)
  An endoplasm (D:2)
  2 giant cockroaches
  4 goblins
  4 hobgoblins
  A kobold (D:1)
  2 quokkas
  2 bats
22 creatures vanquished.

Vanquished Creatures (others)
  4 plants (D:1)
4 creatures vanquished.

Grand Total: 26 creatures vanquished

Notes
Turn   | Place    | Note
-------+----------+-------------------------------------------
     0 | D:1      | Jortsu the Demonspawn Fighter began the quest for the Orb.
     0 | D:1      | Reached XP level 1. HP: 18/18 MP: 1/1
    25 | D:1      | You fall into a shaft and drop 1 floor!
   155 | D:2      | Gained mutation: A meltable shield of frost defends you.
                  | (SH +4) [demonic ancestry]
   155 | D:2      | Reached XP level 2. HP: 13/24 MP: 2/2
   353 | D:1      | Gained mutation: You have sharp fingernails. [demonic
                  | ancestry]
   353 | D:1      | Reached XP level 3. HP: 29/29 MP: 3/3
   457 | D:1      | Found a faded altar of an unknown god.
   465 | D:1      | Prayed at the altar of an unknown god.
   465 | D:1      | Became a worshipper of the Wu Jian Council
   465 | D:1      | Reached * piety under Wu Jian
   470 | D:1      | Quit the game

Illustrated notes

Levels and vault maps discovered:
D:1:      minmay_arrival_plants_in_alcoves, layout_rooms,
          shapermc_ecumenical_altar_mp_urbaneastern
D:2:      layout_loops_ring, basic_altar, minmay_hexomino_c4, uniq_jessica

Skill      XL: |  1  2 |
---------------+-------+-----
Axes           | 2 |  2.2
Shields        | 3 |  3.1
Armour         | 3 |  3.0
Fighting       | |  3.3
Dodging        | |  0.3

Action                   || total
-------------------------++-------
Melee: War axe           ||    72
  Use: Scroll            ||     3
Armor: Scale mail        ||    43
Dodge: Dodged            ||    31
Block: Buckler           ||    25

Table legend: (Time is in decaauts)
 A = Elapsed time spent in this place.
 B = Non-inter-level travel time spent in this place.
 C = Inter-level travel time spent in this place.
 D = Time resting spent in this place.
 E = Time spent auto-exploring this place.
 F = Levels seen in this place.
 G = Mean time per level.
                   A        B        C        D        E       F      G
               +--------+--------+--------+--------+--------+-----+--------+
         Total |    501 |    501 |      0 |      0 |    304 |   2 |  250.5 |
       Dungeon |    501 |    501 |      0 |      0 |    304 |   2 |  250.5 |
               +--------+--------+--------+--------+--------+-----+--------+

Top non-repeatable levels by time:
     D:2: 309 daAuts
     D:1: 192 daAuts
